 Dungeon Crawl Stone Soup version 0.24.0-13-gcf9b319 (webtiles) character file.

Game seed: 11923306108347869969, levelgen mode: deterministic

212 Bob6969 the Skirmisher (level 5, -6/57 HPs)
             Began as an Ogre Berserker on Mar 20, 2020.
             Was a Believer of Trog.
             Mangled by a gnoll
             ... wielding a +0 halberd
              (17 damage)
             ... on level 3 of the Dungeon.
             The game lasted 00:18:22 (2677 turns).

Bob6969 the Skirmisher (Ogre Berserker)             Turns: 2677, Time: 00:18:22

Health: -6/57      AC:  3    Str: 22    XL:     5   Next: 89%
Magic:  1/1        EV: 10    Int:  8    God:    Trog [**....]
Gold:   249        SH:  0    Dex:  8    Spells: 4/4 levels left

rFire    . . .     SeeInvis .   h - +2 short sword (antimagic)
rCold    + . .     Gourm    .   (no shield)
rNeg     . . .     Faith    .   b - +0 animal skin
rPois    .         Spirit   .   (helmet restricted)
rElec    .         Reflect  .   (no cloak)
rCorr    .         Harm     .   (gloves unavailable)
MR       .....                  (boots unavailable)
Stlth    +.........             (no amulet)
HPRegen  0.19/turn              j - ring of protection from cold
MPRegen  0.07/turn              (no ring)

@: berserk cooldown
A: large, unfitting armour, tough skin 1
a: Berserk, Trog's Hand, Renounce Religion


You were on level 3 of the Dungeon.
You worshipped Trog.
Trog was pleased with you.
You were not hungry.

You visited 1 branch of the dungeon, and saw 3 of its levels.

You collected 249 gold pieces.

Inventory:

Hand Weapons
 a - a +0 hand axe
 h - a +2 antimagic short sword (weapon)
Missiles
 d - 95 stones (quivered)
 e - 15 poisoned darts
 l - 64 arrows
 m - a throwing net
 o - 2 atropa-tipped darts
Armour
 b - a +0 animal skin (worn)
Jewellery
 j - a ring of protection from cold (left hand)
Scrolls
 g - 3 scrolls of remove curse
 i - a scroll of random uselessness {unknown}
 n - 5 scrolls of identify
Potions
 r - a potion of berserk rage
Comestibles
 c - 7 rations
 k - 7 chunks of flesh


   Skills:
 + Level 5.3 Fighting
 + Level 2.2 Short Blades
 + Level 3.7 Axes
 + Level 1.1 Throwing
 + Level 3.6 Dodging
 + Level 0.7 Stealth


You had 4 spell levels left.
You didn't know any spells.
Your spell library was empty.

Dungeon Overview and Level Annotations

Branches:
Dungeon (3/15)

Altars:
Trog


Innate Abilities, Weirdness & Mutations

You are too large for most types of armour.
You have tough skin. (AC +1)


Message History

Things that are here:
a +0 whip; a gnoll corpse; a gnoll skeleton You hit the gnoll.
The gnoll is lightly wounded.
The gnoll closely misses you.
You closely miss the gnoll.
The gnoll is lightly wounded.
The gnoll barely misses you.
You closely miss the gnoll.
The gnoll is lightly wounded.
You feel yourself speed up. The gnoll completely misses you.
The gnoll barely misses you.
You barely miss the gnoll.
The gnoll is lightly wounded.
Your skin stops crawling.
You feel less resistant to hostile enchantments.
You closely miss the gnoll.
The gnoll is lightly wounded.
The gnoll hits you with a +0 halberd!
You die...

#.##....[...#
#.##..#...#...#
#.##..#...##### #.##..##.##
.......).#
####..############
#..##.........#
#..##.#######g# #..##.# #@#
#..##.# ###.##### #<.##.#
#.......# ≈≈ #..##.##
#.#.###.# ≈≈≈≈ #....#.#
#.#.###.#..≈≈≈ ##.##.##
#.#........≈≈≈≈
#######.#####.#.......≈≈≈≈≈
..............##.##.#≈≈≈≈≈≈
#######.#####.......#..≈≈..


You could see a gnoll.

Vanquished Creatures
  2 orc wizards (D:3)
  A worker ant (D:3)
  2 gnolls (D:3)
  An adder (D:2)
  A shadow imp (D:3)
  2 oozes (D:1)
  A worm (D:2)
  8 leopard geckos
  4 orcs (D:3)
  5 giant cockroaches
  11 goblins
  7 hobgoblins
  A jackal (D:2)
  2 quokkas
  6 bats
  5 frilled lizards
  7 kobolds
  8 rats
74 creatures vanquished.

Notes
Turn   | Place    | Note
-------+----------+-------------------------------------------
     0 | D:1      | Bob6969 the Ogre Berserker began the quest for the Orb.
     0 | D:1      | Reached XP level 1. HP: 24/24 MP: 1/1
    72 | D:1      | Reached XP level 2. HP: 13/32 MP: 2/2
   258 | D:1      | Reached ** piety under Trog
   478 | D:1      | Reached XP level 3. HP: 40/40 MP: 1/3
  1167 | D:2      | Reached XP level 4. HP: 45/49 MP: 1/4
  1495 | D:2      | Found a bloodstained altar of Trog.
  2005 | D:3      | Reached skill level 5 in Fighting
  2005 | D:3      | Reached skill level 1 in Short Blades
  2161 | D:3      | Reached XP level 5. HP: 48/57 MP: 1/5
  2606 | D:3      | Reached skill level 1 in Throwing
  2665 | D:3      | HP: 2/57 [gnoll/+0 whip (1)]
  2670 | D:3      | HP: 2/57 [gnoll/+0 halberd (12)]
  2677 | D:3      | Mangled by a gnoll

Levels and vault maps discovered:
D:1:      lemuel_arrival_rhombus, layout_basic
D:2:      minmay_alternating_diamond, layout_basic, marbit_many_paths,
          chequers_mini_garden, minmay_tromino_v2
D:3:      layout_loops_ring, nemelex_xobeh_ov_fountains_minmay,
          chequers_ecumenical_altar_island, minmay_cut_off

Skill      XL: |  1  2  3  4  5 |
---------------+----------------+-----
Dodging        | 3 |  3.6
Fighting       | 5 |  5.3
Short Blades   | 1 2 |  2.2
Throwing       | 1 |  1.1
Axes           | |  3.7
Stealth        | |  0.7

Action                   |  1- 3 |  4- 6 || total
-------------------------+-------+-------++-------
Melee: Hand axe          |    34 |       ||    34
       Short sword       |    57 |   121 ||   178
Throw: Stone             |     4 |    33 ||    37
Invok: Berserk           |     2 |     3 ||     5
       Trog's Hand       |       |     1 ||     1
  Use: Scroll            |     4 |       ||     4
       Potion            |     3 |     5 ||     8
 Stab: Sleeping          |     1 |       ||     1
  Eat: Chunk             |     3 |     5 ||     8
       Ration            |       |     1 ||     1
Armor: Animal skin       |    33 |    29 ||    62
Dodge: Dodged            |    65 |    71 ||   136
